 Dungeon Crawl Stone Soup version 0.23.2-1-ga50397a (webtiles) character file.

Game seed: 5240187029948209939

4757 MalarOregon the Spear-Bearer (level 10, -2/82 (83) HPs)
             Began as a Merfolk Fighter on May 20, 2019.
             Was a Believer of Yredelemnul.
             Killed by divine providence
             ... invoked by an orc priest
              (13 damage)
             ... on level 8 of the Dungeon.
             The game lasted 00:15:01 (8255 turns).

MalarOregon the Spear-Bearer (Merfolk Fighter)      Turns: 8255, Time: 00:15:02

HP:   -2/82 (83)    AC: 15    Str: 19    XL:     10   Next: 46%
MP:   10/10         EV:  4    Int:  7    God:    Yredelemnul [**....]
Gold: 535           SH: 11    Dex: 15    Spells: 9/9 levels left

rFire    . . .     SeeInvis .   a - +0 trident
rCold    . . .     Gourm    .   B - +0 shield
rNeg     . . .     Faith    .   s - +0 plate armour
rPois    .         Spirit   .   (no helmet)
rElec    .         Reflect  .   (no cloak)
rCorr    +         Harm     .   y - +0 pair of gloves
MR       .....                  o - +0 pair of boots
Stlth    ..........             r - amulet of magic regeneration
HPRegen  0.23/turn              w - ring of resist corrosion
MPRegen  0.37/turn              (no ring)

@: no status effects
A: change form in water, swift swim, stealthy swim
a: Animate Remains, Recall Undead Slaves, Injury Mirror, Renounce Religion


You were on level 8 of the Dungeon.
You worshipped Yredelemnul.
Yredelemnul was pleased with you.
You were not hungry.

You visited 2 branches of the dungeon, and saw 9 of its levels.
You also visited: Sewer.

You collected 535 gold pieces.

Inventory:

Hand Weapons
 a - a +0 trident (weapon)
Armour
 o - a +0 pair of boots (worn)
   (You found it on level 1 of the Dungeon)
 s - a +0 plate armour (worn)
   (You found it on level 2 of the Dungeon)
 y - a +0 pair of gloves (worn)
   (You found it on level 6 of the Dungeon)
 B - a +0 shield (worn)
Jewellery
 r - an amulet of magic regeneration (around neck)
   (You found it on level 2 of the Dungeon)
 w - a ring of resist corrosion (left hand)
   (You found it on level 4 of the Dungeon)
Wands
 c - a wand of disintegration (14)
   (You found it on level 6 of the Dungeon)
Scrolls
 b - a scroll of random uselessness {unknown}
 d - 2 scrolls of blinking {unknown}
 h - 6 scrolls of enchant armour {unknown}
 j - 7 scrolls of identify {unknown}
 k - 2 scrolls of noise {unknown}
 l - 4 scrolls of enchant weapon {unknown}
 m - 2 scrolls of fog {unknown}
 n - 5 scrolls of remove curse {unknown}
 p - a scroll of amnesia {unknown}
 q - a scroll of fear {unknown}
 t - 3 scrolls of immolation {unknown}
Potions
 f - 3 potions of magic
 g - a potion of degeneration {!q}
 i - 2 potions of might
 u - 2 potions of flight {unknown}
 v - 4 potions of heal wounds {unknown}
 x - a potion of mutation {unknown}
 z - 2 potions of haste {unknown}
 A - 2 potions of resistance {unknown}
 D - a potion of lignification {unknown}
 E - a potion of brilliance {unknown}
Comestibles
 e - 18 rations {!d}
 C - a chunk of flesh


   Skills:
 + Level 9.0 Fighting
 + Level 11.0 Polearms
 + Level 6.2 Armour
 + Level 8.2 Shields


You had 9 spell levels left.
You didn't know any spells.
Your spell library contained the following spells:

 Spells                   Type           Power        Failure   Level  Hunger
 Blink                    Tloc           N/A          100%        2    ###....
 Gell's Gravitas          Tloc           #.........   100%        3    ####...
 Leda's Liquefaction      Hex/Erth       #.........   100%        4    #####..
 Bolt of Magma            Conj/Fire/Erth #.........   100%        5    ######.
 Statue Form              Tmut/Erth      #........    100%        6    #######


Dungeon Overview and Level Annotations

Branches:
Dungeon (8/15)             Temple (1/1) D:5
   Lair: D:8-11

Altars:
Ashenzari
Dithmenos
Elyvilon
Fedhas
Gozag
Hepliaklqana
Kikubaaqudgha
Makhleb
Nemelex Xobeh
Okawaru
Qazlal
Ru
Sif Muna
Trog
Uskayaw
Vehumet
Wu Jian
Xom
Yredelemnul
Zin
The Shining One


Message History

The orc wizard blinks!
You closely miss the orc. You block the orc priest's attack.
You hit the orc.
You kill the orc!
Yredelemnul accepts your kill.
Attack whom?
Aim: an orc priest, wielding a +0 trident and wearing a +0 ring mail (severely wounded)
You reach to attack!
Your plate armour prevents you from hitting the orc priest.
The orc priest calls down the wrath of Beogh upon you.
Beogh smites you!
You puncture the orc warrior! You block the orc priest's attack.
The orc warrior hits you with a +0 long sword!
You puncture the orc warrior!
The orc wizard points at you and mumbles some strange words.
The magic dart hits you but does no damage.
The orc priest invokes the aid of Beogh against you.
Beogh smites you!
* * * LOW HITPOINT WARNING * * *
You block the orc warrior's attack.
You are too injured to fight recklessly!
You are too injured to fight recklessly!
You are too injured to fight recklessly!
You are too injured to fight recklessly!
You are too injured to fight recklessly!
Attack whom?
Aim: an orc priest, wielding a +0 trident and wearing a +0 ring mail (severely wounded)
The orc warrior is in the way.
You hit the orc warrior but do no damage.
The orc wizard hits you but does no damage.
The orc priest mumbles some strange prayers to Beogh against you.
Beogh smites you!
* * * LOW HITPOINT WARNING * * *
Attack whom?
Aim: an orc priest, wielding a +0 trident and wearing a +0 ring mail (severely wounded)
You reach to attack!
You hit the orc priest but do no damage.
The orc warrior hits you with a +0 long sword!
* * * LOW HITPOINT WARNING * * *
Okay, then.
Unknown command.
Attack whom?
Aim: an orc priest, wielding a +0 trident and wearing a +0 ring mail (severely wounded)
The orc warrior is in the way.
You closely miss the orc warrior.
The orc wizard hits you but does no damage.
The orc hits you but does no damage.
The orc priest mumbles some strange prayers to Beogh against you.
Beogh smites you!
You die...
Your body rises from the dead as a mindless zombie.

........#..>...........
#.#
.###..#..>.............
#.# .#
#..###..............
#.# .#
#..####.####.>.#### #.#
## #.......# #)..# #.#
#.####### #...# ..# #.#
#...# #.# #####...#
#....o@o# # #.#...oo.#
#.#### #.##o.....
#..... #. ....####
####.. .% ..... #... ..
....(.. ##.. ###
........ ##. ###.#.....
## #


You could see an orc warrior, an orc priest, an orc wizard and 2 orcs.

Vanquished Creatures
  A manticore (D:8)
  Grinder (D:3)
  A hippogriff (D:7)
  4 hogs (D:7)
  5 yaks (D:8)
  A human (D:7)
  A hungry ghost (D:8)
  An ice beast (D:8)
  A necrophage (D:8)
  A centaur (D:7)
  4 ogres
  A phantom (D:8)
  A big kobold (Sewer)
  2 bullfrogs
  2 scorpions
  8 wights
  2 howler monkeys
  3 crimson imps
  A bullfrog zombie (D:8)
  A hound (D:7)
  A gnoll shaman (D:3)
  5 orc priests
  2 jellies
  7 orc wizards
  Jessica (D:3)
  Terence (D:3)
  2 iguanas (D:5)
  2 worker ants
  Natasha (thrice) (D:3)
  8 adders
  7 gnolls
  2 oozes
  2 adder skeletons
  4 worms
  5 leopard geckos
  25 orcs
  5 giant cockroaches
  7 hobgoblins
  6 jackals
  15 kobolds
  7 quokkas
  A ball python (D:1)
  11 bats
  2 frilled lizards (D:2)
  A giant cockroach zombie (D:5)
  8 goblins
  14 rats
196 creatures vanquished.

Notes
Turn   | Place    | Note
-------+----------+-------------------------------------------
     0 | D:1      | MalarOregon the Merfolk Fighter began the quest for the
                  | Orb.
     0 | D:1      | Reached XP level 1. HP: 18/18 MP: 1/1
   144 | D:1      | Reached XP level 2. HP: 24/24 MP: 2/2
   460 | D:1      | Reached XP level 3. HP: 29/29 MP: 3/3
   727 | D:2      | Reached XP level 4. HP: 28/37 MP: 4/4
   760 | D:2      | Reached skill level 4 in Polearms
  1223 | D:3      | Noticed Grinder
  1245 | D:3      | Noticed Terence
  1296 | D:3      | Killed Terence
  1321 | D:3      | Found an iron altar of Okawaru.
  1376 | D:3      | Noticed Jessica
  1377 | D:3      | Reached XP level 5. HP: 39/42 MP: 5/5
  1392 | D:3      | Killed Jessica
  1396 | D:3      | Paralysed by Grinder for 3 turns
  1411 | D:3      | Killed Grinder
  1411 | D:3      | Reached skill level 5 in Polearms
  1411 | D:3      | Reached XP level 6. HP: 14/50 MP: 6/6
  1715 | D:3      | Noticed Natasha
  1727 | D:3      | Killed Natasha
  1838 | D:3      | Noticed Natasha
  1845 | D:3      | Killed Natasha
  1845 | D:3      | Reached skill level 5 in Fighting
  1888 | D:3      | Noticed Natasha
  1901 | D:3      | Killed Natasha
  1901 | D:3      | Reached XP level 7. HP: 47/56 MP: 7/7
  2302 | D:4      | Reached skill level 6 in Polearms
  2311 | D:4      | Found a glowing drain.
  2338 | Sewer    | Entered a sewer
  2469 | Sewer    | Reached skill level 5 in Shields
  2494 | Sewer    | Found a white marble altar of Elyvilon.
  3066 | D:4      | Reached XP level 8. HP: 64/64 MP: 8/8
  3152 | D:4      | Reached skill level 7 in Polearms
  3459 | D:5      | Entered Level 5 of the Dungeon
  3537 | D:5      | Identified the Compendium of Ashen Displacement
  4011 | D:5      | Found an opulent altar of Gozag.
  4075 | D:5      | Found a staircase to the Ecumenical Temple.
  4085 | Temple   | Entered the Ecumenical Temple
  4214 | Temple   | Became a worshipper of Yredelemnul the Dark
  5070 | D:6      | Reached skill level 8 in Polearms
  5811 | D:6      | Reached XP level 9. HP: 68/71 MP: 9/9
  5949 | D:7      | Reached * piety under Yredelemnul
  6259 | D:7      | Reached skill level 9 in Polearms
  6259 | D:7      | Reached skill level 5 in Armour
  7103 | D:8      | Reached skill level 10 in Polearms
  7131 | D:8      | Reached XP level 10. HP: 19/81 MP: 10/10
  7879 | D:8      | Noticed a manticore
  7892 | D:8      | Killed a manticore
  8225 | D:8      | Reached ** piety under Yredelemnul
  8225 | D:8      | Reached skill level 11 in Polearms
  8255 | D:8      | Killed from afar by an orc priest

Skill      XL: |  1  2  3  4  5  6  7  8  9 10 |
---------------+-------------------------------+-----
Polearms       | 4 5 6 8 10 11 | 11.0
Fighting       | 4 5 6 8 9 |  9.0
Armour         | 3 4 5 6 |  6.2
Shields        | 4 5 6 7 8 |  8.2

Action                   |  1- 3 |  4- 6 |  7- 9 | 10-12 || total
-------------------------+-------+-------+-------+-------++-------
Melee: Trident           |   125 |   177 |   626 |   173 ||  1101
       Tailslap          |       |       |     6 |       ||     6
  Use: Potion            |       |     2 |     3 |     1 ||     6
  Eat: Chunk             |       |     4 |    14 |     5 ||    23
       Ration            |       |       |     1 |     1 ||     2
Armor: Scale mail        |    43 |     3 |       |       ||    46
       Plate armour      |       |    93 |   256 |    57 ||   406
Dodge: Dodged            |    30 |    18 |    43 |    19 ||   110
Block: Shield            |    52 |    66 |   235 |    59 ||   412
